Map: Dusk Towers

Players

capac

  • Race: Terran Terran
  • League: Gold

tarzob - Winner!

  • Race: Protoss Protoss
  • League: Gold

VOD

Have the link to the VOD?

Description

Time

  • Played on: March 5, 2016, 10:22 a.m.
  • Length: 27:36
Show
View Real Time Build Order
Export as new Build Order

capac Terran 

Build Orders: Bio Tank 

Get SALT Encoding   

  12  0:00  SCV  
  13  0:13  SCV  
  14  0:17  Supply Depot  
  14  0:25  SCV  
  15  0:39  SCV  
  16  0:43  Barracks  
  16  0:46  Refinery  
  16  0:51  SCV  
  17  1:03  SCV  
  18  1:21  Supply Depot  
  18  1:25  SCV  
  19  1:35  Barracks Reactor  
  19  1:43  Command Center  
  19  1:46  SCV  
  20  2:00  Orbital Command  
  20  2:11  Marine x2  
  22  2:25  Barracks  
  22  2:37  Factory  
  22  2:39  Refinery  
  22  2:42  SCV  
  23  2:46  Marine  
  23  2:54  SCV  
  24  2:58  Orbital Command  
  24  3:06  SCV  
  25  3:17  Barracks Tech Lab  
  25  3:20  SCV  
  25  3:24  Starport, Factory Tech Lab  
  25  3:26  Marine x2  
  28  3:30  SCV  
  29  3:41  SCV  
  30  3:44  Siege Tank  
  30  3:45  Marine x2  
  30  3:46  Marine  
  36  3:52  SCV  
  36  3:55  SCV  
  38  4:00  Stimpack  
  38  4:07  Supply Depot  
  38  4:08  Marine x3  
  41  4:11  SCV  
  41  4:12  SCV  
  41  4:13  Medivac  
  45  4:26  SCV  
  45  4:28  SCV  
  47  4:31  Supply Depot  
  47  4:32  Marine x3  
  47  4:36  Siege Tank  
  53  4:43  Refinery  
  53  4:46  Refinery  
  53  4:51  SCV  
  54  4:53  SCV  
  54  4:55  Medivac  
  57  5:04  Supply Depot, SCV  
  57  5:05  SCV  
  59  5:07  Marine x2  
  59  5:08  Marine  
  62  5:18  Siege Tank  
  65  5:25  Marine x2  
  67  5:42  Marine  
  68  5:43  Marine  
  68  5:45  Barracks  
  68  5:48  Starport Reactor  
  68  5:49  Command Center  
  69  5:52  Barracks  
  69  5:58  SCV x2  
  69  6:02  Engineering Bay  
  71  6:05  Engineering Bay  
  71  6:07  Combat Shields  
  71  6:08  Marine x2  
  71  6:09  Marine  
  71  6:10  SCV  
  75  6:17  Supply Depot  
  69  7:01  Marine x3  
  68  7:04  Siege Tank  
  69  7:19  Marine x2  
  69  7:21  Marine  
  69  7:22  Barracks Reactor  
  64  7:23  Viking x2, Barracks Reactor  
  68  7:33  Terran Infantry Weapons Level 1  
  68  7:34  Terran Infantry Armor Level 1  
  68  7:36  Marine, Siege Tank  
  72  7:37  SCV x2  
  72  7:39  Orbital Command  
  74  7:52  Starport  
  74  7:57  Starport  
  74  8:09  Medivac x2  
  78  8:18  Marine x6  
  84  8:21  Concussive Shells  
  84  8:22  Marauder  
  86  8:27  Barracks  
  86  8:29  Starport Reactor  
  86  8:32  Siege Tank  
  86  8:34  SCV x3  
  91  8:35  Starport Reactor  
  91  8:40  Marine x3  
  91  8:41  Marine x3  
  97  8:44  Marauder  
  97  8:46  SCV  
  97  8:47  Supply Depot  
  101  8:51  SCV x2  
  103  8:57  Viking x2  
  107  9:03  Liberator  
  107  9:07  Medivac  
  107  9:09  Missile Turret, Medivac  
  111  9:19  Siege Tank  
  117  9:26  Refinery x2  
  117  9:48  Barracks Reactor  
  117  9:50  Barracks Tech Lab  
  117  10:11  Missile Turret  
  117  10:20  Marine x2, SCV x2, Medivac x2  
  88  10:21  Viking x2, Marauder x2, Marine x4  
  125  10:22  Supply Depot x2, SCV  
  125  10:26  Medivac  
  140  10:32  SCV  
  140  10:33  Armory  
  141  10:43  Marauder, SCV x2, Medivac  
  141  10:44  Marauder, Siege Tank  
  141  10:46  Supply Depot  
  141  10:48  Supply Depot  
  152  10:50  Marine  
  152  10:51  Marine  
  152  10:52  Marine  
  152  10:54  SCV  
  156  11:29  Command Center  
  156  11:30  SCV x3  
  156  11:32  Marine x2  
  159  11:33  Marine x5  
  159  11:34  Marauder  
  168  11:48  Liberator  
  168  11:49  Liberator x3  
  180  12:21  Liberator x2  
  175  12:51  Marine  
  175  12:52  Marine x6  
  175  12:53  Marine  
  183  13:29  Marine, Siege Tank  
  183  13:30  Marine x6  
  183  13:31  Marine  
  194  13:47  Marine x2  
  196  14:25  Marauder, Marine x2  
  196  14:26  Marauder  
  165  14:35  Liberator x3  
  165  14:36  Liberator x3  
  134  14:47  Marauder  
  134  14:50  Marine x4  
  134  14:51  Marine x3  
  161  15:06  Planetary Fortress  
  161  15:08  Marine x3  
  161  15:10  Siege Tank  
  161  15:13  Marine x2  
  161  15:14  Marine x3  
  169  15:18  Liberator x4  
  172  15:26  Marine x3  
  175  15:32  Marauder x2  
  175  15:34  Marine x3  
  185  15:40  Liberator  
  185  15:41  Liberator  
  194  15:43  Marine  
  194  15:44  Marine  
  196  15:56  Marauder  
  196  15:57  Marauder  
  149  16:25  Liberator x5  
  116  16:26  Liberator  
  100  16:37  Marine x5  
  100  16:38  Marine x3  
  102  16:46  Siege Tank  
  123  16:51  Barracks  
  123  16:54  Marine  
  123  16:55  Marine x5  
  123  16:56  Marauder, Marine  
  130  17:03  Command Center  
  130  17:07  Liberator  
  128  17:12  Marine x2  
  128  17:13  Marine x4  
  130  17:32  Liberator  
  130  17:35  Marine x4  
  130  17:36  Marine x4  
  138  17:46  Medivac  
  138  17:47  Medivac  
  138  17:48  Medivac x2  
  149  17:53  Marine x5  
  149  17:54  Marine x2  
  136  18:03  Marine  
  135  18:11  Marine x6  
  138  18:26  Refinery  
  124  18:28  Refinery  
  102  18:44  Marine x6  
  102  18:45  Marine x2  
  102  18:46  Medivac x5  
  112  18:52  Barracks Reactor  
  112  18:54  Barracks  
  112  19:01  Marine  
  112  19:02  Marine x3  
  109  19:11  Marine x4  
  113  19:19  Marine x2  
  113  19:20  Marine x2  
  117  19:28  Marine  
  117  19:29  Marine x3  
  121  19:37  Marine x3  
  121  19:38  Marine  
  125  19:46  Marine x2  
  125  19:47  Marine  
  128  19:57  Marine x5  
  133  20:04  Marine  
  134  20:18  Marine x4  
  134  20:19  Marine x3  
  141  20:22  Marine  
  142  20:36  Barracks, Marine x5, Siege Tank  
  144  20:45  Liberator x6  
  135  20:55  Marine x2  
  135  20:56  Marine x4  
  116  20:58  Marine  
  116  20:59  Marine x2  
  116  21:16  Marine  
  116  21:27  Liberator  
  116  21:28  Liberator x4  
  96  21:36  Marine x2  
  96  21:37  Marine x5  
  96  21:39  Siege Tank  
  109  21:55  Barracks Reactor x2  
  109  22:08  Marine x4  
  110  22:09  Marine x2  
  115  22:25  Marine x4  
  117  22:48  Medivac x2  
  117  22:49  Medivac  
  123  22:54  Orbital Command  
  123  23:01  Marine x4  
  123  23:02  Marine x5  
  132  23:18  Medivac  
  132  23:19  Medivac x2  
  138  23:20  Marine  
  138  23:21  Marine  
  107  24:14  Liberator x3  
  107  24:20  SCV x2  
  110  24:24  SCV  
  110  24:32  SCV  
  110  24:33  SCV  
  121  24:44  Marine x3  
  121  24:45  Marine  
  125  24:48  Marine x5  
  130  25:13  Command Center  
  130  25:14  Missile Turret  
  130  25:35  Marine x5  
  133  25:36  Marine x6  
  133  25:37  Marine  
  129  26:35  Orbital Command  
  129  26:58  Marine x5  
  129  26:59  Marine x5  
  136  27:17  Refinery  
  136  27:21  Refinery  
  136  27:22  Refinery  
Show
View Real Time Build Order
Export as new Build Order

tarzob Protoss - Winner!

Build Orders: Colossus Rush 

Get SALT Encoding   

  12  0:01  Probe (Chrono Boost)  
  13  0:12  Probe (Chrono Boost)  
  14  0:17  Pylon  
  14  0:22  Probe (Chrono Boost)  
  15  0:36  Probe (Chrono Boost)  
  15  0:38  Gateway  
  16  0:46  Probe (Chrono Boost), Assimilator  
  17  0:57  Probe (Chrono Boost)  
  18  1:08  Probe (Chrono Boost)  
  19  1:18  Probe (Chrono Boost)  
  20  1:25  Cybernetics Core  
  20  1:28  Pylon  
  20  1:32  Probe (Chrono Boost)  
  21  1:42  Probe (Chrono Boost)  
  22  1:53  Probe (Chrono Boost)  
  23  2:02  Nexus  
  23  2:06  Mothership Core (Chrono Boost)  
  25  2:08  Warp Gate  
  25  2:11  Assimilator  
  25  2:31  Probe (Chrono Boost)  
  25  2:37  Stalker  
  25  2:42  Probe (Chrono Boost)  
  28  2:52  Probe (Chrono Boost)  
  28  2:53  Gateway  
  29  3:02  Assimilator  
  29  3:03  Probe (Chrono Boost)  
  29  3:05  Pylon  
  30  3:06  Assimilator  
  30  3:08  Pylon  
  30  3:13  Probe (Chrono Boost)  
  30  3:16  Probe (Chrono Boost)  
  30  3:19  Sentry  
  34  3:24  Probe (Chrono Boost)  
  34  3:27  Probe (Chrono Boost)  
  36  3:34  Probe (Chrono Boost)  
  36  3:37  Probe (Chrono Boost)  
  36  3:39  Robotics Facility  
  38  3:45  Probe (Chrono Boost)  
  39  3:49  Probe (Chrono Boost)  
  39  3:53  Pylon  
  41  3:55  Probe (Chrono Boost)  
  41  4:00  Probe (Chrono Boost)  
  42  4:06  Pylon  
  42  4:08  Probe (Chrono Boost)  
  43  4:15  Probe (Chrono Boost)  
  44  4:18  Probe (Chrono Boost)  
  44  4:19  Gateway  
  44  4:21  Sentry x2  
  49  4:26  Probe (Chrono Boost)  
  49  4:27  Observer  
  49  4:29  Probe (Chrono Boost)  
  52  4:36  Probe (Chrono Boost)  
  53  4:40  Probe (Chrono Boost)  
  53  4:43  Robotics Bay  
  54  4:47  Probe (Chrono Boost)  
  57  4:54  Observer  
  57  4:55  Probe (Chrono Boost)  
  57  4:57  Probe (Chrono Boost)  
  58  5:01  Forge  
  58  5:02  Sentry  
  58  5:03  Sentry, Pylon  
  62  5:12  Probe x2 (Chrono Boost)  
  64  5:15  Warp Prism  
  66  5:27  Nexus  
  66  5:28  Sentry  
  66  5:29  Sentry x2  
  66  5:32  Probe (Chrono Boost)  
  66  5:34  Probe (Chrono Boost)  
  74  5:37  Pylon  
  74  5:39  Twilight Council  
  74  5:41  Protoss Ground Weapons Level 1  
  75  5:42  Probe (Chrono Boost)  
  75  5:48  Probe (Chrono Boost)  
  76  5:53  Probe (Chrono Boost), Colossus  
  83  6:06  Probe (Chrono Boost)  
  83  6:07  Probe (Chrono Boost)  
  83  6:09  Assimilator  
  85  6:12  Stalker x2  
  85  6:13  Assimilator  
  85  6:14  Zealot  
  85  6:17  Probe (Chrono Boost), Pylon  
  89  6:46  Probe x3 (Chrono Boost)  
  88  6:56  Stalker x3  
  88  7:21  Probe x3 (Chrono Boost)  
  89  7:31  Probe (Chrono Boost)  
  89  7:32  Probe x2 (Chrono Boost)  
  92  7:37  Colossus (Chrono Boost)  
  92  7:39  Protoss Ground Weapons Level 2  
  92  7:41  Pylon  
  92  7:42  Probe (Chrono Boost)  
  99  7:46  Templar Archives  
  99  7:48  Probe, Extended Thermal Lance  
  99  7:49  Probe  
  101  7:55  Pylon  
  101  7:57  Gateway  
  101  7:58  Gateway  
  101  8:03  Zealot x2  
  101  8:04  Zealot  
  106  8:16  Photon Cannon  
  106  8:18  Probe x2, Pylon  
  106  8:19  Probe  
  109  8:23  Psionic Storm, Pylon  
  109  8:24  High Templar  
  109  8:25  High Templar x2  
  115  8:34  Colossus (Chrono Boost)  
  121  8:48  Probe  
  121  8:49  Probe  
  121  8:50  Probe  
  124  8:58  Forge  
  124  9:02  Stalker x2  
  126  9:03  Stalker x2  
  126  9:04  Stalker  
  126  9:05  Blink (Chrono Boost)  
  134  9:24  Colossus  
  140  9:31  Pylon  
  140  9:35  Pylon  
  140  9:37  Pylon  
  140  9:38  Protoss Ground Armor Level 1 (Chrono Boost)  
  140  9:51  High Templar x2  
  144  9:54  Zealot x2  
  144  9:55  Zealot  
  144  9:58  Gateway  
  144  9:59  Nexus  
  150  10:02  Gateway  
  150  10:03  Pylon  
  150  10:06  Gateway x2  
  150  10:07  Photon Cannon, Pylon  
  150  10:09  Photon Cannon  
  150  10:10  Pylon  
  150  10:12  Pylon  
  150  10:13  Probe  
  151  10:16  Zealot x3  
  151  10:18  Colossus  
  163  10:27  Sentry x2  
  167  10:40  Charge, Protoss Ground Weapons Level 3 (Chrono Boost)  
  167  10:44  Gravitic Drive  
  167  10:49  Probe x3  
  170  10:55  High Templar x2  
  174  10:59  Zealot x4  
  174  11:00  Zealot  
  184  11:16  Probe  
  185  11:26  Probe x2  
  185  11:30  Assimilator  
  185  11:32  Assimilator  
  187  11:33  Pylon  
  187  11:41  Photon Cannon, Pylon  
  187  11:44  Photon Cannon, High Templar x2  
  187  11:45  High Templar x2  
  195  11:47  Pylon  
  195  11:48  Pylon  
  195  11:52  Stalker x2  
  199  11:59  Protoss Ground Armor Level 2 (Chrono Boost)  
  199  12:00  Observer Gravitic Boosters  
  199  12:06  Probe  
  200  12:12  Gateway  
  200  12:14  Gateway  
  200  12:16  Pylon  
  200  12:17  Pylon, Gateway  
  200  12:18  Gateway  
  200  12:22  Gateway  
  200  12:24  Gateway  
  200  12:27  Gateway  
  200  12:43  Nexus  
  182  12:46  Stalker x5  
  182  12:47  Stalker x4, Pylon  
  182  12:49  Pylon  
  184  12:54  Pylon  
  184  12:58  Pylon  
  184  13:00  Assimilator  
  184  13:04  Assimilator  
  168  13:43  Protoss Shields Level 1 (Chrono Boost), Stalker x4  
  168  13:44  Stalker x4  
  168  13:45  Stalker  
  191  13:55  Protoss Ground Armor Level 3 (Chrono Boost)  
  191  14:01  Stalker x3  
  191  14:02  Stalker  
  199  14:11  Observer (Chrono Boost)  
  182  14:30  Colossus (Chrono Boost)  
  142  14:38  Zealot  
  118  14:39  Zealot x4  
  118  14:40  Zealot x7  
  118  14:41  Zealot x4  
  132  15:01  High Templar  
  132  15:02  High Templar x2  
  132  15:03  High Templar x2  
  132  15:05  Stalker x2  
  132  15:06  Zealot  
  132  15:07  Zealot x4  
  150  15:08  Zealot x4  
  150  15:12  Archon  
  150  15:13  Archon  
  164  15:14  Archon  
  170  15:21  Colossus (Chrono Boost)  
  170  15:40  Photon Cannon  
  170  15:42  Photon Cannon  
  170  15:43  Stalker x3  
  170  15:44  Stalker x4  
  170  15:45  Photon Cannon, Stalker x2  
  170  15:47  Zealot x3  
  170  15:48  Zealot x3  
  197  15:50  Photon Cannon  
  197  15:54  Photon Cannon  
  175  16:07  Stalker x6  
  175  16:08  Stalker x2  
  175  16:09  Stalker  
  107  16:37  Stalker x5  
  107  16:38  Stalker x4  
  123  16:49  Stalker x3  
  123  16:51  Sentry x2  
  123  16:52  Sentry  
  135  17:11  Stalker x3  
  135  17:12  Stalker x2  
  135  17:32  Stalker x4  
  135  17:33  Stalker  
  143  17:43  Stalker x2  
  147  17:46  Sentry  
  123  18:44  Stalker x2  
  123  18:45  Stalker x5  
  123  18:46  Stalker x5  
  123  18:47  Stalker  
  149  19:13  Probe  
  150  19:19  High Templar x2  
  150  19:20  High Templar x5  
  164  19:28  Archon  
  164  19:31  Archon x2  
  164  19:34  High Templar  
  166  19:52  Archon  
  166  19:57  Stalker x3  
  166  19:58  Stalker x4  
  180  20:29  High Templar x2, Nexus  
  180  20:32  Pylon  
  180  20:35  Pylon  
  184  20:41  Archon  
  161  21:11  Stalker x2  
  163  21:12  Stalker x4  
  172  21:55  Nexus  
  163  22:45  High Templar x2  
  163  22:47  Zealot x2  
  163  22:49  High Templar x2, Zealot  
  163  22:50  Zealot x2  
  181  22:58  Archon  
  181  23:00  Archon  
  181  23:17  Assimilator  
  181  23:18  Assimilator  
  155  24:21  Pylon  
  155  24:25  Nexus  
  155  24:26  Stalker x3  
  155  24:27  Stalker x3  
  155  24:28  Stalker x2  
  171  24:40  Pylon  
  171  24:44  High Templar x2  
  175  24:50  High Templar  
  175  24:51  High Templar  
  179  24:57  Archon  
  179  24:59  Archon  
  179  25:20  Colossus (Chrono Boost)  
  185  25:24  Protoss Shields Level 2 (Chrono Boost)  
  185  25:35  Assimilator  
  185  25:39  Assimilator  
  169  26:28  Stalker x2  
  169  26:29  Stalker x5  
  169  26:30  Stalker x3  
  169  26:31  Zealot x2  
  193  26:38  High Templar x2  
  197  26:40  High Templar  
  199  26:50  Archon  
  193  27:07  Stalker x4  
  193  27:08  Stalker x5  
Tags
 
Composition
Bio Tank
League
GoldGold
Matchup
PvT
Add a new tag
Caveats
  • Supply blocks, unpowered buildings, or Contaminate may cause inaccurate times.
  • Supply counts are checked every 10 seconds.